 Dungeon Crawl Stone Soup version 0.25-a0-97-g19cdb01 (webtiles) character file.

Game seed: 14887005012058133267, levelgen mode: deterministic

3943 silenth the Destroyer (level 9, 0/70 HPs)
             Began as a Demigod Conjurer on Nov 12, 2019.
             Slain by a centaur (7 damage)
             ... on level 9 of the Dungeon.
             The game lasted 00:14:59 (10726 turns).

silenth the Destroyer (Demigod Conjurer)           Turns: 10726, Time: 00:14:59

Health: 0/70       AC: 12    Str: 11    XL:     9   Next: 71%
Magic:  14/21      EV: 13    Int: 25    God:
Gold:   289        SH:  0    Dex: 16    Spells: 4/20 levels left

rFire    . . .     SeeInvis .   a - +11 plutonium sword {*Contam Stlth-}
rCold    + . .     Gourm    .   (shield currently unavailable)
rNeg     . . .     Faith    .   x - +3 leather armour {rC+}
rPois    +         Spirit   .   q - +0 helmet (curse)
rElec    .         Reflect  .   b - +0 cloak
rCorr    .         Harm     .   l - +0 pair of gloves
MR       .....                  (no boots)
Stlth    +.........             (no amulet)
HPRegen  0.21/turn              A - +3 ring of protection
MPRegen  0.17/turn              s - ring of poison resistance

@: no status effects
A: high mp 1
a: no special abilities


You were on level 9 of the Dungeon.
You were not hungry.

You visited 1 branch of the dungeon, and saw 9 of its levels.

You collected 499 gold pieces.
You spent 210 gold pieces at shops.

Inventory:

Hand Weapons
 a - the +11 plutonium sword (weapon) {*Contam Stlth-}
   (You found it on level 8 of the Dungeon)

   It causes magical contamination when unequipped.
   It makes you less stealthy.
 p - a +1 dagger of draining
 u - a +1 scimitar
 J - a +1 spear of venom
Armour
 b - a +0 cloak (worn)
 l - a +0 pair of gloves (worn)
 m - a +0 robe
 q - a cursed +0 helmet (worn)
 x - a +3 leather armour of cold resistance (worn)
Magical Staves
 I - an uncursed staff of wizardry
Jewellery
 j - an uncursed ring of flight
 s - a ring of poison resistance (right hand)
 A - a +3 ring of protection (left hand)
 C - an uncursed amulet of guardian spirit
 H - an uncursed ring of ice
 K - an uncursed amulet of rage {unknown}
Wands
 d - a wand of disintegration (8)
 i - a wand of scattershot (3)
Scrolls
 c - 2 scrolls of fear
 h - 8 scrolls of teleportation
 n - a scroll of amnesia
 r - 5 scrolls of remove curse
 t - a scroll of immolation
 y - 3 scrolls of magic mapping
 F - a scroll of blinking
 G - a scroll of fog
Potions
 f - a potion of haste
 g - 2 potions of flight {unknown}
 k - a potion of agility {unknown}
 o - 2 potions of berserk rage
 v - a potion of lignification
 w - a potion of might
 z - a potion of heal wounds
 B - 2 potions of ambrosia
 D - a potion of invisibility {unknown}
 E - a potion of curing {unknown}
 L - a potion of mutation {unknown}
Comestibles
 e - 4 rations


   Skills:
 + Level 3.6 Fighting
 - Level 3.0 Dodging
 - Level 1.7 Stealth
 + Level 6.1 Spellcasting
 - Level 9.0 Conjurations
 + Level 6.0 Hexes
 + Level 2.6 Translocations


You had 4 spell levels left.
You knew the following spells:

 Your Spells              Type           Power        Failure   Level  Hunger
a - Magic Dart            Conj           ####         1%          1    None
b - Searing Ray           Conj           ######       1%          2    None
c - Dazzling Spray        Conj/Hex       #####.       1%          3    None
d - Iskenderun's Mystic   Conj           ######..     2%          4    ###....
e - Fulminant Prism       Conj/Hex       #####.....   4%          4    ###....
f - Blink                 Tloc           N/A          4%          2    None

Your spell library contained the following spells:

 Spells                   Type           Power        Failure   Level  Hunger
 Corona                   Hex            #####..      1%          1    None
 Sting                    Conj/Pois      ####         1%          1    None
 Slow                     Hex            #####...     1%          2    None
 Confuse                  Hex            #####...     2%          3    None
 Tukima's Dance           Hex            #####...     2%          3    None
 Ensorcelled Hibernation  Hex/Ice        ###...       4%          2    None
 Conjure Flame            Conj/Fire      ####....     4%          3    None
 Mephitic Cloud           Conj/Pois/Air  ###.....     9%          3    None
 Force Lance              Conj/Tloc      #####...     9%          4    ###....
 Call Imp                 Summ           #.......     14%         2    None
 Poisonous Vapours        Pois/Air       #.....       14%         2    None
 Olgreb's Toxic Radiance  Pois           #.......     67%         4    ###....
 Venom Bolt               Conj/Pois      ####......   38%         5    #####..


Dungeon Overview and Level Annotations

Branches:
Dungeon (9/15)             Temple (0/1) D:7
   Lair: D:8-11         Orc: D:9-12

Shops:
D:4 =   D:5 %*??   D:6 }


Innate Abilities, Weirdness & Mutations

You have an increased reservoir of magic. (+10% MP)


Message History

Aiming: Dazzling Spray (safe; 1% risk of failure)
Press: ? - help, Shift-Dir - straight line, f/p - centaur
Aim: a centaur, wielding a +0 shortbow (moderately wounded)
The spray of energy hits the centaur!
The centaur is severely wounded.
The centaur is dazzled.
The centaur shoots an arrow.
The arrow hits you!
You are too injured to fight recklessly!
You are too injured to fight recklessly!
The centaur shoots an arrow.
The arrow hits you!
* * * LOW HITPOINT WARNING * * *
You see here an arrow.
The centaur shoots an arrow.
The arrow hits you!
* * * LOW HITPOINT WARNING * * *
The centaur shoots an arrow.
The arrow misses you.
You see here an arrow.
The centaur unwields a +0 shortbow.
The centaur closely misses you.
You hit the centaur.
The centaur is almost dead.
The centaur is no longer blind.
The centaur hits you!
You die...

#........#
+........#
#........#
#..).....#
#........#
#........#
#.c......#
#.@......#
##(....###
##.(#####
#..(...#
#......#
#..<...#
+..(..)#
#......#
#......#


You could see a centaur.

Vanquished Creatures
  A mana viper (D:8)
  Sigmund (D:3)
  3 hungry ghosts
  2 ice beasts
  4 sky beasts
  2 orc warriors
  3 ogres
  A centaur (D:2)
  4 bullfrogs
  2 wyvern skeletons (D:8)
  2 scorpions
  3 killer bees (D:7)
  4 wights (D:6)
  A howler monkey (D:7)
  2 crimson imps
  2 hounds
  2 quasits
  2 jellies
  4 orc wizards
  4 orc priests
  Crazy Yiuf (D:3)
  A bullfrog skeleton (D:5)
  Jessica (D:2)
  Terence (D:2)
  3 iguanas
  2 worker ants
  2 hound skeletons
  Robin (D:2)
  A howler monkey zombie (D:5)
  A worker ant zombie (D:6)
  14 gnolls
  6 adders
  An ooze (D:2)
  An adder skeleton (D:6)
  2 adder zombies
  3 worms
  A dart slug (D:3)
  4 leopard geckos
  29 orcs
  2 ball pythons
  5 giant cockroaches
  13 goblins
  8 hobgoblins
  6 jackals
  3 quokkas
  11 bats
  7 frilled lizards
  2 gnoll zombies (D:7)
  5 kobolds
  A quokka zombie (D:8)
  10 rats
197 creatures vanquished.

Vanquished Creatures (others)
  An orc (D:4)
  A bush (D:9)
  A fulminant prism (D:9)
  3 plants (D:9)
6 creatures vanquished.

Grand Total: 203 creatures vanquished

Notes
Turn   | Place    | Note
-------+----------+-------------------------------------------
     0 | D:1      | silenth the Demigod Conjurer began the quest for the Orb.
     0 | D:1      | Reached XP level 1. HP: 14/14 MP: 5/5
   291 | D:1      | Reached skill level 2 in Spellcasting
   344 | D:1      | Reached XP level 2. HP: 20/20 MP: 2/7
   403 | D:1      | Learned a level 2 spell: Searing Ray
   435 | D:1      | Reached skill level 4 in Conjurations
  1033 | D:2      | Reached XP level 3. HP: 22/26 MP: 0/9
  1388 | D:2      | Learned a level 3 spell: Dazzling Spray
  1422 | D:2      | Noticed a centaur
  1532 | D:2      | Noticed Jessica
  1535 | D:2      | Killed a centaur
  1535 | D:2      | Reached skill level 5 in Conjurations
  1535 | D:2      | Reached skill level 1 in Hexes
  1535 | D:2      | Reached XP level 4. HP: 11/33 MP: 7/11
  1759 | D:2      | Killed Jessica
  1759 | D:2      | Reached XP level 5. HP: 29/38 MP: 7/12
  1890 | D:2      | Noticed Robin
  2073 | D:2      | Reached skill level 3 in Spellcasting
  2590 | D:2      | Killed Robin
  2633 | D:2      | Noticed Terence
  2657 | D:2      | Killed Terence
  2825 | D:3      | Found a shimmering blue altar of Sif Muna.
  2869 | D:3      | Noticed an orc warrior
  2899 | D:2      | Killed an orc warrior
  2899 | D:2      | Reached skill level 2 in Hexes
  2899 | D:2      | Reached XP level 6. HP: 30/45 MP: 3/14
  2905 | D:2      | Learned a level 4 spell: Iskenderun's Mystic Blast
  3066 | D:3      | Noticed Sigmund
  3080 | D:3      | HP: 4/45 [something/puff of flame (6)]
  3084 | D:3      | Killed Sigmund
  3084 | D:3      | Reached skill level 6 in Conjurations
  3603 | D:3      | Found a radiant altar of Vehumet.
  3722 | D:3      | Found a shimmering altar of Xom.
  3722 | D:3      | Found a shimmering altar of Xom.
  3722 | D:3      | Found a shimmering altar of Xom.
  3722 | D:3      | Found a shimmering altar of Xom.
  3723 | D:3      | Found a shimmering altar of Xom.
  3723 | D:3      | Found a shimmering altar of Xom.
  3723 | D:3      | Found a shimmering altar of Xom.
  3723 | D:3      | Found a shimmering altar of Xom.
  3724 | D:3      | Found a shimmering altar of Xom.
  3855 | D:3      | Found a runed translucent door.
  3856 | D:3      | Noticed Crazy Yiuf
  3979 | D:3      | Found a bloodstained altar of Trog.
  4290 | D:3      | Killed Crazy Yiuf
  4290 | D:3      | Reached XP level 7. HP: 35/50 MP: 1/15
  4821 | D:4      | Reached skill level 3 in Hexes
  4938 | D:4      | Found Yttaon's Jewellery Boutique.
  5063 | D:4      | Reached skill level 4 in Spellcasting
  5117 | D:4      | Found a shimmering altar of Xom.
  5132 | D:4      | Found a hazy altar of Hepliaklqana.
  5154 | D:4      | Found an opulent altar of Gozag.
  5271 | D:4      | Reached skill level 7 in Conjurations
  5460 | D:5      | Entered Level 5 of the Dungeon
  5542 | D:5      | Found Geaguon's Antique Weapon Shop.
  5650 | D:5      | Found Macafal's Magic Scroll Shoppe.
  5656 | D:5      | Bought a scroll of fear for 45 gold pieces
  5656 | D:5      | Bought a scroll of teleportation for 39 gold pieces
  5656 | D:5      | Bought a scroll of teleportation for 39 gold pieces
  5891 | D:5      | Reached XP level 8. HP: 49/57 MP: 10/18
  5891 | D:5      | Reached skill level 4 in Hexes
  6023 | D:5      | Found Inoqog's Food Boutique.
  6151 | D:5      | Found Cirowav's Assorted Antiques.
  6194 | D:5      | You fall into a shaft and drop 2 floors!
  6404 | D:5      | Found Jiss's Magic Scroll Boutique.
  6658 | D:5      | Bought a scroll labeled YNGU GUAWARR for 30 gold pieces
  6658 | D:5      | Bought a scroll labeled KOMPOC UGECS for 30 gold pieces
  6684 | D:5      | Bought a silvery potion for 27 gold pieces
  7025 | D:6      | Found Ostray's Gadget Shop.
  7158 | D:6      | Reached skill level 8 in Conjurations
  7267 | D:6      | Learned a level 4 spell: Fulminant Prism
  7633 | D:6      | Found an ancient bone altar of Kikubaaqudgha.
  7772 | D:6      | Found a sparkling altar of Nemelex Xobeh.
  7781 | D:6      | Reached skill level 2 in Dodging
  7781 | D:6      | Reached skill level 5 in Spellcasting
  8122 | D:7      | Reached skill level 1 in Fighting
  8125 | D:7      | Found a staircase to the Ecumenical Temple.
  8585 | D:7      | Reached XP level 9. HP: 67/67 MP: 12/20
  8653 | D:7      | Found a white marble altar of Elyvilon.
  8676 | D:7      | Reached skill level 5 in Hexes
  9078 | D:7      | Found a basalt altar of Yredelemnul.
  9155 | D:8      | Reached skill level 2 in Fighting
  9338 | D:8      | Reached skill level 3 in Dodging
  9338 | D:8      | Reached skill level 9 in Conjurations
  9344 | D:8      | Found the +11 plutonium sword {*Contam Stlth-}
  9375 | D:8      | Learned a level 2 spell: Blink
  9404 | D:8      | Reached skill level 1 in Translocations
  9996 | D:8      | Reached skill level 3 in Fighting
 10058 | D:8      | Reached skill level 2 in Translocations
 10091 | D:8      | Noticed a mana viper
 10091 | D:8      | a hippogriff changed into a mana viper
 10099 | D:8      | Killed a mana viper
 10099 | D:8      | Reached skill level 6 in Spellcasting
 10355 | D:9      | Reached skill level 6 in Hexes
 10457 | D:9      | Noticed a two-headed ogre
 10724 | D:9      | HP: 7/70 [centaur/arrow (12)]
 10726 | D:9      | Slain by a centaur

Levels and vault maps discovered:
D:1:      eino_arrival_cavern_b, layout_rooms, hangedman_decor_growths,
          minmay_shallow_snake_nest
D:2:      layout_rooms, uniq_robin, uniq_terence, uniq_jessica
D:3:      layout_loops_ring, vehumet_crystals, lemuel_coloured_pillars_altar,
          old_standard_altar, first_ration, xom_redecorated,
          uniq_crazy_yiuf_cottage, uniq_sigmund
D:4:      kennysheep_six_static_rooms, layout_loops_ring,
          nicolae_overflow_hidden_temple, lemuel_doored_altar,
          grunt_gozag_statues, hangedman_abyss_or_decor_passed,
          minmay_shop_enchanted_jewellery
D:5:      layout_loops_corners, serial_glass, glass_columns_a, glass_columns_b,
          due_unseen_surprise, serial_shops, shop, shop, shop,
          nicolae_shop_crystal, nicolae_shop_behind_doors
D:6:      layout_cave_pods, kiku_gazebo_garden_becter, serial_shops, shop_coins,
          nemelex_diamond_rough_becter
D:7:      layout_loops_ring, elyvilon_altar_1, lemuel_zombie_altar_yredelemnul,
          minmay_temple_entry_grid
D:8:      layout_rooms
D:9:      layout_roguey, minmay_lair_entry_grove

Skill      XL: |  1  2  3  4  5  6  7  8  9 |
---------------+----------------------------+-----
Spellcasting   | 2 3 4 5 6 |  6.1
Conjurations   | 4 5 6 7 8 9 |  9.0
Hexes          | 1 2 3 4 6 |  6.0
Dodging        | 2 3 |  3.0
Fighting       | 1 3 |  3.6
Translocations | 2 |  2.6
Stealth        | |  1.7

Action                   |  1- 3 |  4- 6 |  7- 9 || total
-------------------------+-------+-------+-------++-------
Melee: Spear             |    12 |    19 |       ||    31
       Scimitar          |       |    31 |   131 ||   162
       Triple sword      |       |       |    36 ||    36
 Cast: Magic Dart        |    55 |    85 |   252 ||   392
       Dazzling Spray    |     1 |    14 |    41 ||    56
       Searing Ray       |       |     1 |     3 ||     4
       Iskenderun's Myst |       |       |     5 ||     5
       Fulminant Prism   |       |       |     1 ||     1
Evoke: Wand              |       |       |     1 ||     1
  Use: Scroll            |     1 |     3 |    15 ||    19
       Potion            |       |     1 |     2 ||     3
 Stab: Sleeping          |     1 |       |       ||     1
       Invisible         |       |       |     3 ||     3
  Eat: Ration            |     1 |       |     7 ||     8
       Chunk             |       |     8 |     9 ||    17
Armor: Robe              |     4 |    12 |    40 ||    56
       Leather armour    |       |       |   109 ||   109
Dodge: Dodged            |    15 |    35 |   201 ||   251
       Rpst.: Scimitar   |       |     4 |    41 ||    45
       Triple sword      |       |       |    11 ||    11

Table legend:
 A = Non-vault XP
 B = Vault XP
 C = Vault XP percentage of total XP
 D = Non-vault monster count
 E = Vault monster count
 F = Vault count percentage of total count
                 A         B        C        D         E       F
            +---------+---------+-------+---------+---------+-------
      Total |    5263 |     371 |   6.6 |     175 |      23 |  11.6
            +---------+---------+-------+---------+---------+-------
        D:1 |      92 |       4 |   4.2 |      24 |       2 |   7.7
        D:2 |     325 |     111 |  25.5 |      24 |      14 |  36.8
        D:3 |     116 |     247 |  68.0 |      17 |       2 |  10.5
        D:4 |     384 |       6 |   1.5 |      15 |       3 |  16.7
        D:5 |     595 |       0 |   0.0 |      17 |       0 |   0.0
        D:6 |     686 |       0 |   0.0 |      29 |       0 |   0.0
        D:7 |     888 |       3 |   0.3 |      16 |       2 |  11.1
        D:8 |    2048 |       0 |   0.0 |      32 |       0 |   0.0
        D:9 |     129 |       0 |   0.0 |       1 |       0 |   0.0
            +---------+---------+-------+---------+---------+-------
